 Dungeon Crawl Stone Soup version 0.23.1 (webtiles) character file.

Game seed: 7965355627330820601

109 Kairos the Sneak (level 4, -6/23 HPs)
             Began as a Vine Stalker Assassin on Mar 10, 2019.
             Mangled by an orc
             ... wielding a +0 short sword
              (7 damage)
             ... on level 3 of the Dungeon.
             The game lasted 00:02:29 (2234 turns).

Kairos the Sneak (Vine Stalker Assassin)            Turns: 2234, Time: 00:02:29

Health: -6/23      AC:  3    Str: 14    XL:     4   Next: 89%
Magic:  0/5        EV: 12    Int: 11    God:
Gold:   102        SH:  0    Dex: 16    Spells: 3/3 levels left

rFire    . . .     SeeInvis .   a - +2 dagger
rCold    . . .     Gourm    .   (no shield)
rNeg     . . .     Faith    .   c - +0 robe
rPois    .         Spirit   +   (no helmet)
rElec    .         Reflect  .   d - +0 cloak
rCorr    .         Harm     .   (no gloves)
MR       .....                  (no boots)
Stlth    ++++......             (no amulet)
HPRegen  0.47/turn              l - ring of stealth
MPRegen  0.09/turn              (no ring)

@: lethally poisoned (-6 -> -6), hasted, very quick
A: fangs 2, regeneration 1, magic shield, antimagic bite, no potion heal 3, rot
immunity
a: no special abilities


You were on level 3 of the Dungeon.
You were not hungry.

You visited 1 branch of the dungeon, and saw 3 of its levels.

You collected 102 gold pieces.

Inventory:

Hand Weapons
 a - a +2 dagger (weapon)
 b - a +0 blowgun
Missiles
 e - 26 poisoned needles
 f - 9 curare-tipped needles
Armour
 c - a +0 robe (worn)
 d - a +0 cloak (worn)
Jewellery
 l - a ring of stealth (left hand)
Scrolls
 h - 2 scrolls of identify
 i - 3 scrolls of remove curse
Potions
 k - 2 potions of might
Comestibles
 g - 3 rations
 n - 2 chunks of flesh


   Skills:
 + Level 2.2 Fighting
 + Level 2.6 Short Blades
 + Level 1.9 Throwing
 + Level 1.1 Dodging
 * Level 6.5 Stealth


You had 3 spell levels left.
You didn't know any spells.
Your spell library was empty.

Dungeon Overview and Level Annotations

Branches:
Dungeon (3/15)

Altars:


Innate Abilities, Weirdness & Mutations

You have extremely sharp teeth.
Your natural rate of healing is unusually fast.
When hurt, damage is shared between your health and your magic reserves.
Your bite disrupts and absorbs the magic of your enemies.
Potions cannot restore your health.
You are immune to rotting.


Message History

The adder misses you.
You miss the adder. You bite the adder, but do no damage.
The adder is severely wounded.
* * * LOW HITPOINT WARNING * * *
You feel sick. The adder bites you.
You closely miss the adder. Your bite misses the adder.
The adder is severely wounded.
The adder bites you.
You hit the adder.
The adder is almost dead.
You hit the adder.
You kill the adder!
* * * LOW HITPOINT WARNING * * *
You feel sick.
You closely miss the orc. You bite the orc, but do no damage.
You closely miss the orc. You bite the orc. You drain its power.
You feel invigorated.
The orc is lightly wounded.
The orc hits you with a +0 short sword!
You die...

#.#...... #....).#
#......# ##...†(.#
#......##
#.###.$## . ##.#
#o# ##@# ##
#.###..# .#
#.....# .# ####..#
.# #..# .#### #..#
..).# #..# .##.#
#..#
.##.####.######..#


You could see an orc.

Vanquished Creatures
  3 adders
  2 oozes
  2 worms (D:2)
  A dart slug (D:3)
  5 leopard geckos
  2 orcs (D:3)
  4 bats
  2 giant cockroaches (D:1)
  9 hobgoblins
  4 jackals (D:3)
  2 quokkas
  4 frilled lizards
  5 goblins
  4 kobolds
  8 rats
57 creatures vanquished.

Notes
Turn   | Place    | Note
-------+----------+-------------------------------------------
     0 | D:1      | Kairos the Vine Stalker Assassin began the quest for the
                  | Orb.
     0 | D:1      | Reached XP level 1. HP: 11/11 MP: 2/2
    40 | D:1      | Reached skill level 5 in Stealth
    61 | D:1      | Reached XP level 2. HP: 6/15 MP: 3/3
   786 | D:1      | Reached XP level 3. HP: 13/18 MP: 4/4
  1620 | D:2      | Reached skill level 6 in Stealth
  1679 | D:2      | Gained mutation: Your natural rate of healing is unusually
                  | fast. [Vine Stalker growth]
  1679 | D:2      | Reached XP level 4. HP: 15/23 MP: 5/5
  1699 | D:2      | Reached skill level 1 in Dodging
  2225 | D:3      | HP: 1/23 [poisoned by an adder]
  2232 | D:3      | HP: 1/23 [poisoned by an adder]
  2234 | D:3      | Mangled by an orc

Skill      XL: |  1  2  3  4 |
---------------+-------------+-----
Stealth        | 5 6 |  6.5
Fighting       | 2 |  2.2
Short Blades   | 2 |  2.6
Dodging        | 1 |  1.1
Throwing       | |  1.9

Action                   |  1- 3 |  4- 6 || total
-------------------------+-------+-------++-------
Melee: Dagger            |   110 |    62 ||   172
       Bite              |    15 |    14 ||    29
  Use: Scroll            |     4 |       ||     4
       Potion            |       |     2 ||     2
 Stab: Sleeping          |     9 |     7 ||    16
  Eat: Chunk             |     2 |     2 ||     4
Armor: Robe              |     9 |    14 ||    23
Dodge: Dodged            |    51 |    24 ||    75
